 Dungeon Crawl Stone Soup version 0.30-a0-7-g94fe547ab8 (webtiles) character file.

Game seed: 5676876224814161501

9 Nedwor the Cutter (level 2, 22/22 HPs)
             Began as a Demonspawn Gladiator on Aug 23, 2022.
             Quit the game on level 1 of the Dungeon.
             The game lasted 00:01:37 (624 turns).

Nedwor the Cutter (Demonspawn Gladiator)             Turns: 624, Time: 00:01:38

Health: 22/22      AC:  9    Str: 14    XL:     2   Next: 3%
Magic:  2/2        EV:  6    Int:  9    God:
Gold:   49         SH:  0    Dex: 14    Spells: 1/1 levels left

rFire   . . .      SeeInvis .    b - +2 dagger (flame)
rCold   . . .      Faith    .    (no shield)
rNeg    . . .      Spirit   .    i - +0 chain mail
rPois   .          Reflect  .    c - +0 helmet
rElec   .          Harm     .    (no cloak)
rCorr   .          Rampage  .    (no gloves)
Will    .....                    (no boots)
Stlth   ..........               (no amulet)
HPRegen 0.07/turn                (no ring)
MPRegen 0.08/turn                (no ring)

@: no status effects
A: hooves 1
a: no special abilities


You were on level 1 of the Dungeon.
You visited 1 branch of the dungeon, and saw 1 of its levels.

You collected 49 gold pieces.

Inventory:

Hand Weapons
 a - a +0 rapier
 b - a +2 dagger of flaming (weapon)
Armour
 c - a +0 helmet (worn)
 i - a +0 chain mail (worn)
Potions
 d - a potion of berserk rage
 e - 2 potions of might
 f - a potion of curing {unknown}
 g - a potion of haste
 h - a potion of brilliance {unknown}
 j - a potion of resistance {unknown}


   Skills:
 + Level 2.1 Fighting
 * Level 2.9 Short Blades
 - Level 1.7 Throwing
 + Level 0.4 Armour
 + Level 2.8 Dodging


You had one spell level left.
You didn't know any spells.
Your spell library was empty.

Dungeon Overview and Level Annotations

Branches:
Dungeon (1/15)

Altars:


Innate Abilities, Weirdness & Mutations

You have large cloven feet.


Message History

There is an open door here.
j - a fizzy black potion You open the door.
There is an open door here.
Found a stone staircase leading down.
There is a stone staircase leading down here.
You open the door.
There is an open door here.
A frilled lizard comes into view.
The frilled lizard hisses angrily.
A frilled lizard is nearby!
A frilled lizard is nearby!
You hit the frilled lizard. You burn the frilled lizard.
You kill the frilled lizard!
You now have 49 gold pieces (gained 5).
An endoplasm and a hobgoblin come into view.
The endoplasm quivers.
The hobgoblin shouts!
There are monsters nearby!
There are monsters nearby!
There are monsters nearby!
You barely miss the endoplasm. You hit the endoplasm. You burn the endoplasm.
You kill the endoplasm!
The hobgoblin hits you but does no damage.
You closely miss the hobgoblin. You punch the hobgoblin.
The hobgoblin is lightly wounded.
The hobgoblin closely misses you.
You hit the hobgoblin but do no damage.
The hobgoblin is lightly wounded.
The hobgoblin hits you but does no damage.
You hit the hobgoblin. You burn the hobgoblin.
The hobgoblin is almost dead.
The hobgoblin hits you but does no damage.
You hit the hobgoblin. You burn the hobgoblin.
You kill the hobgoblin!
You have reached level 2!
Your demonic ancestry asserts itself...
Your feet thicken and deform.
Are you sure you want to abandon this character and quit the game? (Confirm with "yes".)

≈.~~≈≈~~~......# #.# #
~~_♣≈≈≈........#######'#.#
~.~.≈≈≈~.######..........####
≈~~≈≈ #............... ≈≈≈≈≈
#.........#####. ≈~≈≈~
####.........# ~.≈≈~
#............# .~~~
#.....#####.#.# #.$..@# #.#.#
#.....# #.#.. #.....# .# ##
#.....# #.....# #######


There were no monsters in sight!

Vanquished Creatures
  A bat (D:1)
  An endoplasm (D:1)
  A hobgoblin (D:1)
  A quokka (D:1)
  2 frilled lizards (D:1)
  2 kobolds (D:1)
  A rat (D:1)
9 creatures vanquished.

Notes
Turn   | Place    | Note
-------+----------+-------------------------------------------
     0 | D:1      | Nedwor the Demonspawn Gladiator began the quest for the
                  | Orb.
     0 | D:1      | Reached XP level 1. HP: 16/16 MP: 1/1
   155 | D:1      | Found a faded altar of an unknown god.
   624 | D:1      | Gained mutation: You have large cloven feet. [demonic
                  | ancestry]
   624 | D:1      | Reached XP level 2. HP: 22/22 MP: 2/2
   624 | D:1      | Quit the game

Illustrated notes

Levels and vault maps discovered:
D:1:      noname_arrival_rooms_in_the_neighbourhood, layout_basic,
          chequers_ecumenical_altar_island

Action                   || total
-------------------------++-------
Melee: Rapier            ||    10
       Dagger            ||     9
       Punch             ||     1
  Use: Scroll            ||     3
Armor: Chain mail        ||     6
       Leather armour    ||     2
Dodge: Dodged            ||     5

Table legend: (Time is in decaauts)
 A = Elapsed time spent in this place.
 B = Non-inter-level travel time spent in this place.
 C = Inter-level travel time spent in this place.
 D = Time resting spent in this place.
 E = Time spent auto-exploring this place.
 F = Levels seen in this place.
 G = Mean time per level.
                   A        B        C        D        E       F      G
               +--------+--------+--------+--------+--------+-----+--------+
         Total |    624 |    587 |     37 |    190 |    320 |   1 |  624.0 |
       Dungeon |    624 |    587 |     37 |    190 |    320 |   1 |  624.0 |
               +--------+--------+--------+--------+--------+-----+--------+

Top non-repeatable levels by time:
     D:1: 624 daAuts
